AoeStats
← FriarMan23

Arabia

509970839Analyzed
1v1 RM · 3d ago on Sep 28, 2026· 43m 12s· 2 players
Game mode
Random Map
Map size
Tiny (2 player)
Population
200
Speed
Normal
Resources
Standard
Victory
Conquest
Starting age
Dark Age
Ending age
Imperial Age
RankedLock teamsTeams togetherTeam positionsShared explorationLock speedFull tech treeHidden civsTurbo modeCheats
Victory
Defeat
🇦🇷 Bohemians · Argentina
365
+17
🇺🇸 Vikings · United States
380
-17
LORD LEOMAN
1:31 Loom
12:35 Feudal Age
13:06 Double-Bit Axe
19:21 Wheelbarrow
18:32 Horse Collar
22:17 Padded Archer Armor
22:08 Fletching
25:27 Castle Age
25:40 Crossbowman
26:45 Hand Cart
27:15 Leather Archer Armor
28:57 Ballistics
34:46 Imperial Age
34:51 Wagenburg Tactics
35:25 Squires
40:03 Chemistry
43:10 Heavy Plow
43:26 Bow Saw
FriarMan23
17:02 Feudal Age
19:34 Horse Collar
20:29 Double-Bit Axe
20:42 Man-at-Arms
21:07 Arson
29:37 Castle Age
28:30 Forging
28:20 Scale Mail Armor
28:25 Scale Barding Armor
28:10 Fletching
28:21 Padded Archer Armor
28:18 Gold Mining
38:55 Treadmill Crane
39:11 Murder Holes
39:37 Ballistics
40:40 Pikeman
Connection lost

Rejoining the realm…

Still unreachable

The connection could not be restored.

Session expired

The server has moved on; the page needs a fresh start.